AoeStats
← Axolot

QS Arena

503728766Analyzed
3v3 RM · 1mo ago on Sep 2, 2026· 46m 54s· 6 players
Game mode
Random Map
Map size
Normal (6 player)
Population
200
Speed
Normal
Resources
Standard
Victory
Conquest
Starting age
Dark Age
Ending age
Imperial Age
RankedLock teamsTeams togetherTeam positionsShared explorationLock speedFull tech treeHidden civsTurbo modeCheats
Victory
Defeat
🇦🇷 Khmer · Argentina
1482
+14
🇦🇷 Vietnamese · Argentina
1461
+15
🇦🇷 Aztecs · Argentina
1394
+18
🇨🇦 Italians · Canada
1441
-16
🇺🇸 Persians · United States
1440
-16
🇺🇸 Vietnamese · United States
1415
-15
SkinnyPig
7:59 Feudal Age
12:31 Castle Age
10:50 Double-Bit Axe
11:04 Horse Collar
19:22 Bow Saw
21:06 Wheelbarrow
20:16 Loom
21:39 Fletching
25:22 Imperial Age
23:31 Bodkin Arrow
24:18 Gold Mining
25:39 Padded Archer Armor
27:25 Chemistry
26:49 Bracer
27:33 Hand Cart
27:38 Leather Archer Armor
29:03 Ballistics
28:40 Town Watch
30:01 Ring Archer Armor
30:32 Squires
30:35 Elite Genoese Crossbowman
32:59 Conscription
33:20 Thumb Ring
35:45 Elite Skirmisher
36:43 Pirotechnia
38:17 Onager
42:12 Light Cavalry
43:03 Bloodlines
42:53 Husbandry
43:00 Scale Barding Armor
43:06 Forging
44:35 Chain Barding Armor
46:11 Masonry
45:41 Treadmill Crane
46:46 Iron Casting
Surprise Wiener
4:39 Loom
6:41 Feudal Age
7:24 Horse Collar
10:23 Wheelbarrow
14:43 Castle Age
13:54 Gold Mining
14:45 Double-Bit Axe
15:45 Bow Saw
16:01 Hand Cart
27:31 Imperial Age
25:24 Fletching
26:20 Crossbowman
26:56 Bodkin Arrow
28:27 Ballistics
27:45 Elite Skirmisher
29:51 Stone Mining
30:04 Imperial Skirmisher
31:47 Bracer
31:48 Padded Archer Armor
33:52 Chemistry
33:29 Heavy Plow
35:28 Thumb Ring
36:22 Leather Archer Armor
38:07 Ring Archer Armor
38:18 Scale Mail Armor
38:48 Squires
39:31 Forging
39:39 Arson
42:47 Arson
43:35 Town Watch
45:50 Paper Money
GoonOn
8:07 Feudal Age
9:43 Loom
12:19 Castle Age
10:42 Horse Collar
10:55 Double-Bit Axe
14:06 Wheelbarrow
20:35 Gold Mining
20:44 Town Watch
25:54 Imperial Age
23:43 Heavy Plow
23:55 Bow Saw
24:19 Bloodlines
24:16 Scale Barding Armor
24:33 Stone Mining
26:00 Husbandry
26:21 Cavalier
27:22 Forging
29:00 Chain Barding Armor
29:24 Iron Casting
29:31 Caravan
29:25 Light Cavalry
30:16 Savar
33:55 Plate Barding Armor
36:28 Blast Furnace
35:20 Elite Skirmisher
36:07 Thumb Ring
36:23 Fletching
36:34 Padded Archer Armor
40:58 Imperial Skirmisher
41:43 Bodkin Arrow
45:41 Leather Archer Armor
Dino_Mate
8:17 Feudal Age
9:49 Wheelbarrow
12:54 Castle Age
11:13 Double-Bit Axe
12:32 Stone Mining
12:27 Horse Collar
14:31 Bow Saw
15:49 Loom
17:19 Town Watch
19:56 Fletching
20:58 Gold Mining
25:26 Imperial Age
25:51 Bodkin Arrow
25:56 Padded Archer Armor
26:39 Bracer
28:07 Chemistry
27:32 Pikeman
28:55 Scale Mail Armor
29:05 Forging
30:39 Chain Mail Armor
31:51 Leather Archer Armor
32:16 Thumb Ring
33:23 Squires
35:10 Plate Mail Armor
35:35 Elite Fire Lancer
37:03 Iron Casting
39:45 Paper Money
40:30 Capped Ram
44:31 Fortified Wall
44:25 Murder Holes
Tequila Sunset
8:27 Feudal Age
11:11 Castle Age
10:32 Double-Bit Axe
10:30 Horse Collar
12:25 Horse Collar
15:59 Wheelbarrow
16:48 Bow Saw
20:39 Scale Barding Armor
21:03 Hand Cart
22:48 Bloodlines
23:26 Chain Barding Armor
24:08 Loom
27:44 Imperial Age
26:39 Husbandry
28:01 Town Watch
29:00 Plate Barding Armor
28:36 Double Crossbow
29:09 Ballistics
30:31 Sappers
30:59 Elite Ballista Elephant
33:55 Chemistry
37:15 Fletching
37:35 Padded Archer Armor
38:45 Conscription
38:33 Light Cavalry
39:24 Forging
39:10 Bodkin Arrow
39:16 Scale Mail Armor
40:34 Gold Mining
40:35 Stone Mining
41:28 Iron Casting
40:55 Bracer
42:11 Hussar
43:08 Heavy Plow
45:17 Blast Furnace
Axolot
7:30 Feudal Age
6:22 Loom
12:31 Castle Age
12:08 Double-Bit Axe
15:33 Bow Saw
15:50 Horse Collar
17:14 Heavy Plow
18:10 Fervor
26:37 Wheelbarrow
30:29 Imperial Age
28:22 Sanctity
29:18 Redemption
29:08 Gold Mining
29:52 Scale Mail Armor
30:02 Forging
30:26 Herbal Medicine
30:08 Pikeman
30:48 Squires
31:43 Gold Shaft Mining
31:00 Stone Mining
32:02 Garland Wars
31:53 Elite Jaguar Warrior
33:30 Chain Mail Armor
33:51 Iron Casting
35:09 Arson
36:08 Plate Mail Armor
37:22 Stone Shaft Mining
37:55 Blast Furnace
38:33 Fletching
39:20 Atonement
39:45 Illumination
39:36 Block Printing
39:22 Devotion
39:43 Heresy
39:59 Theocracy
41:16 Faith
43:42 Conscription
43:22 Bodkin Arrow
46:29 Capped Ram
Connection lost

Rejoining the realm…

Still unreachable

The connection could not be restored.

Session expired

The server has moved on; the page needs a fresh start.